Match 46106722
Unlisted

Match 46106722
End
Selects Luftwaffe Battlegroup
Selects Luftwaffe Pioneer Support
Fallschirmpioneer Squad Paradrop
Construct Infanterie Kompanie
MG 42 Machine Gun Team
MG 42 Machine Gun Team
MG 42 Machine Gun Team
Construct Luftwaffe Kompanie
Jäger Squad
GrW 34 Mortar Team
Selects Stuka Strafing Run
Selects Fallschirmjäger Squad Paradrop
Stuka Strafing Run
Fallschirmpioneer Squad Paradrop
Support Elements
Wirbelwind Flakpanzer
Medical Station
Stuka Strafing Run
Stuka Strafing Run
Construct Panzer Kompanie
ivanrussov47
-Agent_BlackIce-
Reibenzgz
Don Pitudo
RECIO_ARMY
LABIXIAOXIN
0
0

Comments sign in to comment!

No comments posted yet!